 Dungeon Crawl Stone Soup version 0.21-a0-329-g12f17e1 (webtiles) character file.

168 vishdafish the Ducker (level 5, -4/38 HPs)
             Began as a Demonspawn Skald on Oct 1, 2017.
             Slain by a big kobold
             ... wielding a +0 club
              (8 damage)
             ... in a sewer.
             The game lasted 00:04:19 (2008 turns).

vishdafish the Ducker (Demonspawn Skald)            Turns: 2008, Time: 00:04:20

Health: -4/38      AC:  3    Str: 12    XL:     5   Next: 23%
Magic:  6/8        EV: 12    Int: 15    God:
Gold:   119        SH:  0    Dex: 12    Spells: 7/8 levels left

rFire    . . .     SeeInvis .   a - +0 spear
rCold    . . .     Gourm    .   (no shield)
rNeg     . . .     Faith    .   b - +0 leather armour
rPois    .         Spirit   .   (no helmet)
rElec    .         Reflect  .   (no cloak)
rCorr    .         Harm     .   (no gloves)
MR       .....                  (no boots)
Stlth    +.........             (no amulet)
HPRegen  0.12/turn              (no ring)
MPRegen  0.11/turn              (no ring)

@: very slow
A: talons 1, rot immunity
a: no special abilities


You were in a sewer.
You were very hungry.

You visited 1 branch of the dungeon, and saw 3 of its levels.
You also visited: Sewer.

You collected 119 gold pieces.

Inventory:

Hand Weapons
 a - a +0 spear (weapon)
Armour
 b - a +0 leather armour (worn)
Scrolls
 e - a scroll of random uselessness
 g - a scroll of amnesia {unknown}
 j - 4 scrolls of teleportation
 m - a scroll of identify {unknown}
 n - a scroll of remove curse {unknown}
 p - a scroll of magic mapping {unknown}
Potions
 f - a potion of heal wounds {unknown}
 h - a potion of lignification {unknown}
 i - a potion of magic {unknown}
 k - a potion of flight {unknown}
 o - 2 potions of curing {unknown}
Books
 c - a book of Battle

   Spells                             Type                      Level
   a - Infusion                       Charms                       1
   b - Shroud of Golubria             Charms/Translocation         2
   c - Song of Slaying                Charms                       2
   d - Spectral Weapon                Hexes/Charms                 3
   e - Regeneration                   Charms/Necromancy            3
Comestibles
 d - 3 bread rations
 l - a royal jelly


   Skills:
 - Level 2.2 Fighting
 + Level 3.1 Polearms
 - Level 2.0 Armour
 * Level 3.2 Dodging
 - Level 2.1 Spellcasting
 - Level 3.0 Charms


You had 7 spell levels left.
You knew the following spells:

 Your Spells              Type           Power        Failure   Level  Hunger
a - Infusion              Chrm           ##..         9%          1    #......


Dungeon Overview and Level Annotations

Branches:
Dungeon (3/15)

Altars:
Wu Jian


Innate Abilities, Weirdness & Mutations

You have sharp toenails.
You are immune to rotting.


Message History

Your unstable footing causes you to fumble your attack.
The big kobold hits you with a club!
* * * LOW HITPOINT WARNING * * *
You closely miss the big kobold.
The big kobold is severely wounded.
The big kobold hits you with a club.
* * * LOW HITPOINT WARNING * * *
You hit the big kobold.
The big kobold is severely wounded.
The big kobold completely misses you.
You barely miss the big kobold.
The big kobold is severely wounded.
The big kobold barely misses you.
Your unstable footing causes you to fumble your attack.
The big kobold barely misses you.
You hit the big kobold but do no damage.
Your kick misses the big kobold.
The big kobold is severely wounded.
The big kobold hits you with a club!
You die...

## ≈≈≈≈#####
#.≈≈≈≈####### .≈≈
≈≈≈.###.≈.≈.≈.## .≈
####### #≈.≈.≈≈..# #.
#!≈≈≈≈###≈≈≈.≈≈≈.####.
#@(((≈####.≈..##≈.
#.≈≈K≈##### ##.≈≈≈≈≈.
####### ##≈≈...≈
#...... #≈≈≈≈≈≈
#≈≈≈≈≈≈ #######
##≈≈.... #.≈≈≈≈#####
##≈.≈.≈.≈
#####≈≈≈..####≈...##≈.


You could see a big kobold.

Vanquished Creatures
  A big kobold (Sewer)
  3 gnolls (D:2)
  An adder (D:3)
  An ooze (Sewer)
  A worm (Sewer)
  2 dart slugs
  A ball python (D:1)
  3 giant cockroaches
  5 goblins
  7 hobgoblins
  4 jackals (D:2)
  8 kobolds
  A quokka (D:1)
  6 bats
  A frilled lizard (D:2)
  5 rats
50 creatures vanquished.

Notes
Turn   | Place    | Note
-------+----------+-------------------------------------------
     0 | D:1      | vishdafish the Demonspawn Skald began the quest for the Orb.
     0 | D:1      | Reached XP level 1. HP: 16/16 MP: 3/3
     2 | D:1      | Noticed a vine stalker
     2 | D:1      | Noticed a gargoyle
     4 | D:1      | Noticed a draconian
     4 | D:1      | Noticed an ogre
     6 | D:1      | Noticed a dwarf
     6 | D:1      | Noticed a human
     8 | D:1      | Noticed a halfling
     8 | D:1      | Noticed a ghoul
    10 | D:1      | Noticed a tengu
    12 | D:1      | Noticed an octopode
    12 | D:1      | Noticed a minotaur
    15 | D:1      | Noticed a troll
    17 | D:1      | Noticed a demigod
    17 | D:1      | Noticed a formicid
    20 | D:1      | Noticed a naga
    20 | D:1      | Noticed a demonspawn
    22 | D:1      | Noticed an elf
    22 | D:1      | Noticed a spriggan
    24 | D:1      | Noticed a centaur
    26 | D:1      | Noticed a vampire
    28 | D:1      | Noticed a merfolk
    28 | D:1      | Noticed a felid
   212 | D:1      | Gained mutation: You have sharp toenails. [demonic ancestry]
   212 | D:1      | Reached XP level 2. HP: 18/22 MP: 1/5
   301 | D:1      | Reached skill level 1 in Armour
  1002 | D:2      | Reached XP level 3. HP: 18/27 MP: 0/6
  1547 | D:2      | Reached XP level 4. HP: 28/33 MP: 1/7
  1713 | D:2      | Found an ornate altar of the Wu Jian Council.
  1856 | D:3      | Found a glowing drain.
  1874 | Sewer    | Entered a sewer
  1900 | Sewer    | Noticed a big kobold
  1915 | Sewer    | Killed a big kobold
  1915 | Sewer    | Gained mutation: You are immune to rotting. [demonic ancestry]
  1915 | Sewer    | Reached XP level 5. HP: 37/38 MP: 2/8
  2008 | Sewer    | Slain by a big kobold

Vault maps used:
D:1:      kb_arrival_jail
D:2:      lemuel_doored_altar, first_bread
D:3:      cheibrodos_sewer_entry_drain, trog_wizard
Sewer:    sewer_co_tree

Skill      XL: |  1  2  3  4 |
---------------+-------------+-----
Armour         | 1 2 |  2.0
Charms         | 3 |  3.0
Dodging        | 2 3 |  3.2
Polearms       | 2 3 |  3.1
Fighting       | |  2.2
Spellcasting   | |  2.1

Action                   |  1- 3 |  4- 6 || total
-------------------------+-------+-------++-------
Melee: Spear             |    98 |    77 ||   175
       Kick              |    12 |    10 ||    22
 Cast: Infusion          |    11 |     6 ||    17
  Use: Scroll            |       |     2 ||     2
 Stab: Sleeping          |     1 |     1 ||     2
  Eat: Chunk             |     1 |     2 ||     3
Armor: Leather armour    |    14 |     7 ||    21
Dodge: Dodged            |    48 |    25 ||    73

Table legend:
 A = Spawn XP
 B = Non-spawn XP
 C = Spawn XP percentage of total XP
 D = Spawn monster count
 E = Non-spawn monster count
 F = Spawn count percentage of total count
 G = Total turns spent on level
                    A         B        C        D         E        F      G
               +---------+---------+-------+---------+---------+-------+---------
         Total |       0 |     240 |   0.0 |       0 |      50 |   0.0 |  2008
               +---------+---------+-------+---------+---------+-------+---------
           D:1 |       0 |      27 |   0.0 |       0 |      15 |   0.0 |  1091
           D:2 |       0 |      71 |   0.0 |       0 |      19 |   0.0 |   662
           D:3 |       0 |      33 |   0.0 |       0 |      13 |   0.0 |   121
         Sewer |       0 |     109 |   0.0 |       0 |       3 |   0.0 |   134
               +---------+---------+-------+---------+---------+-------+---------
